 Dungeon Crawl Stone Soup version 0.21-a0-538-gd16b88a (webtiles) character file.

6620 slep the Cleaver (level 10, -8/76 HPs)
             Began as a Demonspawn Gladiator on Dec 16, 2017.
             Was an Elder of Okawaru.
             Mangled by an orc warrior
             ... wielding a +2 flail of draining
              (9 damage)
             ... on level 10 of the Dungeon.
             The game lasted 00:50:38 (7953 turns).

slep the Cleaver (Demonspawn Gladiator)             Turns: 7953, Time: 00:50:38

Health: -8/76      AC:  4    Str: 21    XL:     10   Next: 72%
Magic:  0/10       EV: 15    Int: 12    God:    Okawaru [****..]
Gold:   329        SH:  9    Dex: 17    Spells: 9/9 levels left

rFire    . . .     SeeInvis .   y - +0 hand axe of Defilement {chop, Str+4 Int+2} (curse)
rCold    + . .     Gourm    .   d - +0 buckler
rNeg     . . .     Faith    .   v - +0 steam dragon scales
rPois    .         Spirit   +   J - +1 hat
rElec    .         Reflect  .   (no cloak)
rCorr    .         Harm     .   (no gloves)
MR       .....     Rnd*Tele +   F - +0 pair of boots
Stlth    ++........             M - amulet of inaccuracy (curse)
HPRegen  0.22/turn              O - ring of protection from cold
MPRegen  0.24/turn              I - ring of teleportation (curse)

@: heavily drained
A: horns 1, large bone plates 1, deformed body, powered by death 2, strong 1,
magic shield, magic regeneration
a: Heroism, Renounce Religion


You were on level 10 of the Dungeon.
You worshipped Okawaru.
Okawaru was greatly pleased with you.
You were not hungry.

You visited 2 branches of the dungeon, and saw 11 of its levels.

You collected 329 gold pieces.

Inventory:

Hand Weapons
 i - a +2 spear of venom
 y - the cursed +0 hand axe of Defilement (weapon) {chop, Str+4 Int+2}
   (You found it on level 4 of the Dungeon)

   It inflicts extra damage upon your enemies.
   It affects your strength (+4).
   It affects your intelligence (+2).
   It has a curse placed upon it.
 P - a +0 blowgun
 Q - the +5 dagger "Pendulum" {pierce, rN+ MR+ Stlth+, unknown}
   (You took it off a crimson imp on level 8 of the Dungeon)

   It inflicts extra damage upon your enemies.
   It protects you from negative energy.
   It affects your resistance to hostile enchantments.
   It makes you more stealthy.
 U - a +2 war axe of chopping
 X - a cursed +0 blowgun
 Y - a +0 blowgun
 Z - a +0 hand axe of electrocution
Missiles
 l - 2 curare-tipped needles
 T - 53 poisoned needles
 V - 5 tomahawks (quivered)
Armour
 c - a +3 leather armour
 d - a +0 buckler (worn)
 v - +0 steam dragon scales (worn)
 F - a +0 pair of boots (worn)
 J - a +1 hat (worn)
Jewellery
 h - an uncursed ring of flight
 A - an uncursed amulet of the gourmand
 I - a cursed ring of teleportation (right hand)
 M - a cursed amulet of inaccuracy (around neck)
 O - a ring of protection from cold (left hand)
 S - an uncursed ring of magical power
Wands
 a - a wand of digging (14)
 B - a wand of flame (37)
Scrolls
 j - 2 scrolls of teleportation {unknown}
 k - 5 scrolls of remove curse {unknown}
 m - 5 scrolls of amnesia {unknown}
 n - 2 scrolls of enchant armour {unknown}
 p - 3 scrolls of enchant weapon {unknown}
 q - a scroll of random uselessness {unknown}
 r - 10 scrolls of identify {unknown}
 t - a scroll of torment {unknown}
 D - a scroll of blinking {unknown}
 E - 2 scrolls of fear {unknown}
 L - 2 scrolls of magic mapping {unknown}
Potions
 e - 4 potions of heal wounds
 u - a potion of flight
 z - 2 potions of berserk rage
 C - a potion of mutation {unknown}
 G - 2 potions of lignification
 H - 2 potions of haste {unknown}
 K - a potion of ambrosia {unknown}
Comestibles
 b - 3 chunks of flesh
 f - 7 bread rations
 g - 4 royal jellies
 o - 7 meat rations
 s - 3 fruits


   Skills:
 + Level 6.2(4.1) Fighting
 + Level 9.8(7.5) Axes
 + Level 2.6(0.8) Throwing
 + Level 2.3(0.5) Armour
 + Level 7.8(5.7) Dodging
 + Level 4.8(2.8) Stealth
 + Level 4.4(2.5) Shields


You had 9 spell levels left.
You didn't know any spells.

Dungeon Overview and Level Annotations

Branches:
Dungeon (10/15)            Temple (1/1) D:6
   Lair: D:8-11         Orc: D:9-12

Altars:
Ashenzari
Cheibriados
Dithmenos
Elyvilon
Fedhas
Gozag
Hepliaklqana
Kikubaaqudgha
Makhleb
Nemelex Xobeh
Okawaru
Qazlal
Ru
Sif Muna
Trog
Uskayaw
Vehumet
Wu Jian
Xom
Yredelemnul
Zin
The Shining One

Shops:
D:5 =

Annotations:
D:9 4 runed doors


Innate Abilities, Weirdness & Mutations

You have a pair of small horns on your head.
You are partially covered in large bone plates. (SH +4)
You regenerate health from kills.
When hurt, damage is shared between your health and your magic reserves.
You regenerate magic rapidly.
Armour fits poorly on your strangely shaped body.
Your muscles are strong. (Str +2)


Message History

The orc warrior is heavily wounded.
The orc warrior struggles against the net.
You catch the helpless orc warrior completely off-guard!
You hit the orc warrior but do no damage.
The orc warrior is heavily wounded.
The orc warrior struggles against the net.
You slash the orc warrior!
The orc warrior is almost dead.
The orc warrior struggles against the net.
You catch the helpless orc warrior completely off-guard!
You hit the orc warrior but do no damage.
The orc warrior is almost dead.
The orc warrior struggles against the net.
The net rips apart, and the orc warrior comes free!
You hit the orc warrior but do no damage.
The orc warrior is almost dead.
The orc warrior hits you with a flail of draining!!
* * * LOW HITPOINT WARNING * * *
You feel drained.
You die...

#)).###
.#...#.#.#.#.#.#.#.#.###
#)#.#
#.#.#.#.#.#.#.#.#.#.#.##
#<#.#
.#.#.#.#.#.#.#.#.#.#.###
###.#
#.#.#...#.#.#.#.#.#.#.##
. ..#
#.#.....#.#.#.#.#.#.###
# ###
#.#...#.#.#.#.#.#.#.##
#.....#.#.#.#.#.#.##
##...##############
#..@# #..o# #...# ##
#...# #. ##### #. #. #.
#. #.


You could see an orc warrior.

Vanquished Creatures
  A two-headed ogre (D:9)
  Prince Ribbit (D:7)
  3 yaks
  2 wyverns
  Eustachio (D:6)
  2 steam dragons
  Menkaure (D:7)
  A water moccasin (D:10)
  2 orc warriors
  A sky beast (D:7)
  3 phantoms
  The ghost of RapturedWeasel the Grasshopper, an amateur GnWr (D:3)
  3 ogres
  6 centaurs
  A crocodile (D:9)
  3 big kobolds (D:9)
  4 bullfrogs
  A gnoll sergeant (D:9)
  A wyvern skeleton (D:10)
  A water moccasin skeleton (D:5)
  5 scorpions
  8 killer bees (D:10)
  5 howler monkeys
  4 crimson imps
  2 hounds
  A quasit (D:9)
  2 gnoll shamans
  9 orc priests
  3 jellies
  4 bullfrog skeletons
  2 iguanas
  10 orc wizards
  6 worker ants
  A hound skeleton (D:10)
  A worker ant zombie (D:2)
  13 gnolls
  A howler monkey skeleton (D:7)
  9 adders
  5 adder skeletons
  4 worms
  A dart slug (D:3)
  3 leopard geckos
  34 orcs
  5 giant cockroaches
  7 hobgoblins
  5 jackals (D:1)
  11 quokkas
  2 ball pythons
  4 bats
  8 frilled lizards
  5 goblins
  21 kobolds
  A quokka skeleton (D:5)
  11 rats
252 creatures vanquished.

Vanquished Creatures (others)
  A plant (D:5)
1 creature vanquished.

Grand Total: 253 creatures vanquished

Notes
Turn   | Place    | Note
-------+----------+-------------------------------------------
     0 | D:1      | slep the Demonspawn Gladiator began the quest for the Orb.
     0 | D:1      | Reached XP level 1. HP: 16/16 MP: 1/1
   178 | D:1      | Gained mutation: You are partially covered in large bone plates. (SH +4) [demonic ancestry]
   178 | D:1      | Reached XP level 2. HP: 7/22 MP: 2/2
   240 | D:1      | Reached skill level 3 in Axes
   269 | D:1      | Gained mutation: When hurt, damage is shared between your health and your magic reserves. [demonic ancestry]
   269 | D:1      | Reached XP level 3. HP: 8/27 MP: 3/3
   991 | D:2      | Gained mutation: You regenerate a little health from kills. [demonic ancestry]
   991 | D:2      | Reached XP level 4. HP: 30/33 MP: 4/4
  1425 | D:3      | Noticed RapturedWeasel's ghost (amateur GnWr)
  1476 | D:3      | Found a sacrificial altar of Ru.
  1532 | D:3      | HP: 1/33 [orc priest/nerve-wracking pain (1)]
  1534 | D:3      | Reached XP level 5. HP: 2/38 MP: 1/5
  1675 | D:4      | Reached skill level 4 in Axes
  1688 | D:4      | Reached skill level 1 in Armour
  1957 | D:4      | Noticed a steam dragon
  1968 | D:4      | Killed a steam dragon
  1968 | D:4      | Gained mutation: You have a pair of small horns on your head. [demonic ancestry]
  1968 | D:4      | Reached XP level 6. HP: 5/46 MP: 0/6
  1968 | D:4      | HP: 2/46 [something (3)]
  2026 | D:4      | Got an ichor-stained hand axe
  2027 | D:4      | Identified the cursed +0 hand axe of Defilement {chop, Str+4 Int+2} (You found it on level 4 of the Dungeon)
  2215 | D:5      | Entered Level 5 of the Dungeon
  2280 | D:5      | Reached skill level 5 in Axes
  2348 | D:5      | Reached XP level 7. HP: 42/51 MP: 7/7
  2596 | D:5      | HP: 2/52 [howler monkey (1)]
  2600 | D:5      | Reached skill level 6 in Axes
  2932 | D:5      | Found Sokhuqac's Jewellery Boutique.
  3239 | D:3      | Killed RapturedWeasel's ghost
  3239 | D:3      | Reached skill level 1 in Stealth
  3276 | D:3      | Gained mutation: You regenerate magic rapidly. [demonic ancestry]
  3276 | D:3      | Reached XP level 8. HP: 37/59 MP: 4/8
  3288 | D:3      | Found a glowing golden altar of the Shining One.
  3809 | D:3      | Reached skill level 7 in Axes
  3811 | D:3      | Reached skill level 5 in Dodging
  4165 | D:6      | Noticed Eustachio
  4181 | D:6      | Killed Eustachio
  4221 | D:6      | Found a staircase to the Ecumenical Temple.
  4233 | Temple   | Entered the Ecumenical Temple
  4271 | Temple   | Became a worshipper of Warmaster Okawaru
  4962 | D:7      | Reached * piety under Okawaru
  4962 | D:7      | Reached skill level 8 in Axes
  4967 | D:7      | Gained mutation: Armour fits poorly on your strangely shaped body. [mutagenic meat]
  4968 | D:7      | Gained mutation: Your muscles are strong. (Str +2) [mutagenic meat]
  4992 | D:7      | Noticed Prince Ribbit
  4995 | D:7      | Noticed Menkaure
  5002 | D:7      | Gained mutation: You regenerate health from kills. [demonic ancestry]
  5002 | D:7      | Reached XP level 9. HP: 46/66 MP: 5/9
  5008 | D:7      | HP: 2/66 [Prince Ribbit (14)]
  5010 | D:7      | Killed Menkaure
  5022 | D:7      | Killed Prince Ribbit
  5171 | D:7      | Reached skill level 1 in Shields
  5217 | D:7      | Noticed a dagger
  5219 | D:7      | Noticed a dagger
  5221 | D:7      | Found a hide-covered altar of Uskayaw.
  5618 | D:8      | Reached ** piety under Okawaru
  5807 | D:8      | Reached skill level 5 in Fighting
  5827 | D:8      | Got a twisted dagger {pierce}
  5866 | D:8      | Found a shattered altar of Ashenzari.
  6148 | D:8      | Found a stormy altar of Qazlal.
  6307 | D:9      | Found a bloodstained altar of Trog.
  6308 | D:9      | Noticed a moth of wrath
  6321 | D:9      | Found a huge runed gate.
  6321 | D:9      | Found a huge runed gate.
  6321 | D:9      | Found a huge runed gate.
  6321 | D:9      | Found a huge runed gate.
  6321 | D:9      | Noticed a polar bear
  6321 | D:9      | Noticed a polar bear
  6322 | D:9      | Noticed a two-headed ogre
  6465 | D:9      | Reached skill level 9 in Axes
  6515 | D:9      | HP: 1/68 [gnoll sergeant/spear of venom (3)]
  6532 | D:9      | HP: 3/68 [poisoned by a gnoll sergeant]
  6539 | D:9      | HP: 2/68 [poisoned by a gnoll sergeant]
  6546 | D:9      | HP: 1/68 [poisoned by a gnoll sergeant]
  6554 | D:9      | HP: 1/102 [poisoned by a gnoll sergeant]
  6564 | D:9      | HP: 3/102 [big kobold/short sword (1)]
  6669 | D:9      | Reached *** piety under Okawaru
  6691 | D:9      | Reached XP level 10. HP: 22/74 MP: 10/10
  7307 | D:9      | Killed a two-headed ogre
  7478 | D:10     | Entered Level 10 of the Dungeon
  7498 | D:10     | Reached **** piety under Okawaru
  7758 | D:10     | HP: 5/114 [poisoned by a killer bee]
  7953 | D:10     | HP: 1/76 [orc warrior/flail of draining (15)]
  7953 | D:10     | Mangled by an orc warrior

Vault maps used:
D:1:      dpeg_arrival_concentric_ovals, hangedman_decor_growths
D:2:      minmay_misc_feat_roman
D:3:      nicolae_overflow_crystal_walls, old_standard_altar, first_bread,
          grunt_ministairs_5, kennysheep_nub
D:5:      serial_bayou, serial_bayou_shore_b, serial_bayou_pond_c,
          serial_bayou_crossing, serial_bayou_pond_b, serial_shops,
          nicolae_shop_behind_doors
D:6:      temple_fountains, nrook_loot_triangle, uniq_eustachio
D:7:      dancing_weapons_uskayaw, grunt_ogre_cave, nicolae_benzene_ring,
          uniq_prince_ribbit1, uniq_menkaure
D:8:      lemuel_crystal_altar, evilmike_ruin_ashenzari
D:9:      lemuel_bear_cage, tgw_trog
Temple:   compressed_dpeg_circular_temple

Skill      XL: |  1  2  3  4  5  6  7  8  9 10 |
---------------+-------------------------------+-----
Throwing       | 2 |  2.6
Dodging        | 3 4 5 6 7 |  7.8
Axes           | 3 4 5 6 8 9 |  9.8
Armour         | 1 2 |  2.3
Fighting       | 3 4 5 6 |  6.2
Stealth        | 1 3 4 |  4.8
Shields        | 2 4 |  4.4

Action                   |  1- 3 |  4- 6 |  7- 9 | 10-12 || total
-------------------------+-------+-------+-------+-------++-------
Melee: War axe           |   107 |    71 |       |       ||   178
       Hand axe          |       |    31 |   564 |   418 ||  1013
       Headbutt          |       |    10 |   131 |    75 ||   216
Throw: Throwing net      |       |       |     5 |     1 ||     6
       Tomahawk          |       |       |    10 |       ||    10
Evoke: Wand              |       |       |     2 |       ||     2
  Use: Potion            |       |       |    12 |     3 ||    15
 Stab: Held in net/web   |       |       |     3 |     2 ||     5
       Sleeping          |       |       |     9 |     1 ||    10
  Eat: Chunk             |       |     5 |    21 |     4 ||    30
Armor: Leather armour    |    30 |    19 |       |       ||    49
       Steam dragon scal |       |     2 |    73 |    39 ||   114
       Skin              |       |       |    23 |    28 ||    51
Dodge: Dodged            |    96 |    91 |   276 |   293 ||   756
Block: Other             |    14 |    18 |    25 |       ||    57
       Buckler           |       |       |   126 |   195 ||   321

Table legend:
 A = Spawn XP
 B = Non-spawn XP
 C = Spawn XP percentage of total XP
 D = Spawn monster count
 E = Non-spawn monster count
 F = Spawn count percentage of total count
 G = Total turns spent on level
                    A         B        C        D         E        F      G
               +---------+---------+-------+---------+---------+-------+---------
         Total |       0 |    9458 |   0.0 |       0 |     252 |   0.0 |  7953
               +---------+---------+-------+---------+---------+-------+---------
           D:1 |       0 |      56 |   0.0 |       0 |      29 |   0.0 |   771
           D:2 |       0 |      49 |   0.0 |       0 |      13 |   0.0 |   719
           D:3 |       0 |     554 |   0.0 |       0 |      39 |   0.0 |  1103
           D:4 |       0 |     249 |   0.0 |       0 |      10 |   0.0 |   597
           D:5 |       0 |     821 |   0.0 |       0 |      23 |   0.0 |   974
           D:6 |       0 |     821 |   0.0 |       0 |      15 |   0.0 |   696
           D:7 |       0 |    1117 |   0.0 |       0 |      12 |   0.0 |   618
           D:8 |       0 |    1160 |   0.0 |       0 |      32 |   0.0 |   746
           D:9 |       0 |    2792 |   0.0 |       0 |      45 |   0.0 |  1183
          D:10 |       0 |    1839 |   0.0 |       0 |      34 |   0.0 |   473
               +---------+---------+-------+---------+---------+-------+---------
